AoeStats
← Stu Popz

Arena

506711339Analyzed
4v4 RM · 19d ago on Sep 14, 2026· 44m 19s· 8 players
Game mode
Random Map
Map size
Large (8 player)
Population
200
Speed
Normal
Resources
Standard
Victory
Conquest
Starting age
Dark Age
Ending age
Imperial Age
RankedLock teamsTeams togetherTeam positionsShared explorationLock speedFull tech treeHidden civsTurbo modeCheats
Victory
Defeat
🇦🇷 Khmer · Argentina
1092
+13
🇷🇺 Goths · Russia
1052
+14
🇺🇸 Bohemians · United States
1002
+16
🇨🇴 Huns · Colombia
1000
+54
🇬🇧 Turks · United Kingdom
1034
-16
🇬🇧 Teutons · United Kingdom
1033
-16
🇬🇧 Persians · United Kingdom
1004
-29
🇬🇧 Britons · United Kingdom
995
-14
Matt63166
2:56 Loom
19:39 Feudal Age
Christ is Lord † |Acts 16:31
10:37 Feudal Age
16:42 Castle Age
16:07 Horse Collar
16:12 Double-Bit Axe
18:43 Bow Saw
21:00 Loom
25:16 Heavy Plow
28:26 Chemistry
28:13 Wheelbarrow
29:35 Town Watch
32:08 Wagenburg Tactics
36:03 Imperial Age
34:52 Fervor
35:01 Padded Archer Armor
37:42 Pikeman
38:55 Hand Cart
38:18 Halberdier
39:03 Scale Mail Armor
39:48 Town Patrol
40:04 Chain Mail Armor
39:35 Houfnice
40:30 Squires
40:44 Forging
41:47 Two-Man Saw
40:13 Elite Hussite Wagon
41:16 Conscription
41:53 Plate Mail Armor
42:03 Iron Casting
41:39 Arson
20 лет в аркаде
10:12 Feudal Age
14:47 Castle Age
13:09 Double-Bit Axe
14:04 Horse Collar
17:16 Bow Saw
19:03 Stone Mining
21:55 Gold Mining
22:11 Loom
25:21 Heavy Plow
25:57 Town Watch
27:14 Wheelbarrow
27:53 Forging
27:44 Scale Mail Armor
28:17 Town Patrol
30:02 Iron Casting
29:42 Chain Mail Armor
29:56 Murder Holes
30:32 Hand Cart
33:59 Imperial Age
32:10 Ballistics
32:43 Fletching
33:47 Anarchy
34:11 Elite Huskarl
34:57 Perfusion
36:19 Two-Man Saw
35:52 Crop Rotation
35:51 Conscription
37:44 Blast Furnace
36:47 Squires
36:56 Pikeman
37:51 Halberdier
39:32 Stone Shaft Mining
44:53 Chemistry
44:05 Masonry
43:45 Heated Shot
CAT1913
12:39 Feudal Age
15:23 Castle Age
13:09 Double-Bit Axe
13:06 Horse Collar
17:36 Wheelbarrow
17:13 Bow Saw
17:08 Heavy Plow
23:31 Gold Mining
23:58 Hand Cart
27:14 Gold Shaft Mining
26:30 Stone Mining
30:11 Imperial Age
30:07 Stone Shaft Mining
31:25 Conscription
32:11 Crop Rotation
31:47 Scale Barding Armor
31:53 Forging
32:43 Double Crossbow
32:08 Elite Ballista Elephant
33:08 Town Watch
33:45 Chain Barding Armor
34:01 Iron Casting
33:38 Bloodlines
33:29 Husbandry
32:49 Light Cavalry
34:05 Fortified Wall
35:32 Plate Barding Armor
36:53 Blast Furnace
35:34 Hussar
37:01 Masonry
37:27 Murder Holes
37:25 Fletching
39:33 Chemistry
39:04 Architecture
39:36 Siege Engineers
43:10 Bodkin Arrow
43:16 Padded Archer Armor
43:20 Scale Mail Armor
43:35 Caravan
VeteranBluenose
3:11 Loom
13:11 Feudal Age
17:59 Castle Age
16:57 Double-Bit Axe
16:57 Horse Collar
18:03 Wheelbarrow
21:33 Bow Saw
25:10 Loom
25:46 Scale Barding Armor
25:52 Forging
28:16 Hand Cart
29:44 Gold Mining
30:14 Padded Archer Armor
33:01 Imperial Age
32:13 Bloodlines
32:04 Husbandry
33:27 Chain Barding Armor
34:08 Iron Casting
33:49 Leather Archer Armor
34:20 Conscription
34:18 Artillery
34:29 Caravan
35:40 Plate Barding Armor
34:58 Fletching
38:12 Blast Furnace
37:43 Ring Archer Armor
Clockwork Geoff
10:36 Feudal Age
11:39 Double-Bit Axe
18:45 Castle Age
18:21 Fletching
18:17 Horse Collar
19:09 Pikeman
26:59 Wheelbarrow
31:51 Imperial Age
31:00 Caravan
32:13 Forging
31:59 Bodkin Arrow
32:38 Hand Cart
32:51 Halberdier
34:06 Bracer
34:08 Padded Archer Armor
35:12 Chemistry
39:32 Ballistics
40:36 Iron Casting
40:02 Scale Mail Armor
41:49 Man-at-Arms
43:06 Long Swordsman
43:58 Two-Handed Swordsman
Stu Popz
12:07 Feudal Age
10:59 Loom
13:26 Double-Bit Axe
16:21 Castle Age
15:42 Forging
18:35 Fletching
19:12 Scale Mail Armor
27:54 Chain Mail Armor
28:57 Wheelbarrow
34:42 Imperial Age
36:59 Conscription
37:51 Ironclad
The Mighty BM
10:19 Feudal Age
8:43 Loom
13:01 Wheelbarrow
16:18 Castle Age
14:28 Double-Bit Axe
14:25 Horse Collar
22:08 Scale Barding Armor
22:15 Forging
25:08 Caravan
28:02 Hand Cart
28:01 Bow Saw
27:59 Heavy Plow
29:37 Chain Barding Armor
29:53 Iron Casting
32:16 Imperial Age
30:08 Husbandry
30:25 Bloodlines
33:23 Plate Barding Armor
34:27 Blast Furnace
33:03 Cavalier
37:11 Savar
37:51 Light Cavalry
39:42 Hussar
43:12 Kamandaran
Connection lost

Rejoining the realm…

Still unreachable

The connection could not be restored.

Session expired

The server has moved on; the page needs a fresh start.